Map: Éphémèrion EC

Players

defer

  • Race: Protoss Protoss
  • League: Silver
  • Spawn Location: 11:00

IA (très facile) - Winner!

  • Race: Terran Terran
  • Spawn Location: 5:00

VOD

Have the link to the VOD?

Description

Time

  • Played on: Jan. 18, 2020, 7:14 a.m.
  • Length: 4:11
Show
View Real Time Build Order
Export as new Build Order

defer Protoss 

Build Orders: 1 Gate Expand 

Get SALT Encoding   

  12  0:00  Probe  
  13  0:12  Probe  
  14  0:17  Pylon  
  14  0:25  Probe  
  15  0:37  Probe  
  15  0:38  Gateway  
  16  0:49  Probe  
  17  1:01  Probe  
  18  1:13  Probe  
  18  1:17  Nexus  
  19  1:25  Probe  
  20  1:30  Cybernetics Core  
  20  1:37  Probe  
  20  1:38  Assimilator  
  21  1:43  Assimilator  
  21  1:49  Probe  
  21  1:51  Pylon  
  22  2:01  Probe (Chrono Boost)  
  23  2:14  Probe (Chrono Boost)  
  23  2:15  Warp Gate  
  24  2:20  Probe (Chrono Boost)  
  25  2:29  Probe x2 (Chrono Boost)  
  27  2:38  Probe x2 (Chrono Boost)  
  27  2:39  Pylon  
  27  2:43  Probe x2 (Chrono Boost)  
  31  2:54  Pylon  
  31  2:55  Probe x2  
  33  3:07  Probe (Chrono Boost)  
  33  3:12  Probe (Chrono Boost)  
  35  3:18  Probe (Chrono Boost)  
  37  3:22  Probe (Chrono Boost)  
  37  3:23  Probe (Chrono Boost)  
  38  3:28  Pylon  
  38  3:32  Probe (Chrono Boost)  
  40  3:39  Probe (Chrono Boost)  
  41  3:41  Probe (Chrono Boost)  
  41  3:46  Probe x2 (Chrono Boost)  
  43  3:57  Probe  
  43  3:58  Probe  
Show
View Real Time Build Order
Export as new Build Order

IA (très facile) Terran - Winner!

Build Orders:  

Get SALT Encoding   

  12  0:00  SCV  
  13  0:13  SCV  
  14  0:18  Supply Depot  
  14  0:37  Refinery  
  14  0:42  Barracks  
  14  1:03  Supply Depot  
  14  1:15  SCV  
  15  1:27  SCV  
  15  1:30  Marine  
  17  1:39  SCV  
  18  1:51  SCV  
  20  1:54  Reaper  
  20  2:03  SCV  
  21  2:15  SCV  
  22  2:28  Orbital Command  
Tags
 
Add a new tag
Caveats
  • Supply blocks, unpowered buildings, or Contaminate may cause inaccurate times.
  • Supply counts are checked every 10 seconds.